 Dungeon Crawl Stone Soup version 0.18.1-48-g4cf74bf (webtiles) character file.

186 Larett the Covert (level 5, -11/25 HPs)
             Began as a Spriggan Assassin on Aug 19, 2016.
             Mangled by an orc warrior
             ... wielding a +0 short sword
              (18 damage)
             ... on level 4 of the Dungeon.
             The game lasted 00:09:00 (4247 turns).

Larett the Covert (Spriggan Assassin)               Turns: 4247, Time: 00:09:00

Health: -11/25     AC:  3    Str:  7    XL:     5   Next: 38%
Magic:  6/6        EV: 15    Int: 12    God:
Gold:   168        SH:  0    Dex: 19    Spells: 0 memorised, 4 levels left

rFire  + . .     SeeInvis +     x - +0 hunting sling
rCold  . . .     Gourm    .     c - +0 robe
rNeg   . . .     Faith    .     (shield restricted)
rPois  .         Spirit   .     (helmet restricted)
rElec  .         Dismiss  .     d - +0 cloak
rCorr  .         Reflect  .     (gloves unavailable)
SustAt .         Harm     .     (boots unavailable)
MR     .....                    (no amulet)
Stlth  ++++......               (no ring)
                                h - ring of protection from fire

@: drained, very quick, not resistant to hostile enchantments, stealthy
A: unfitting armour, see invisible, herbivore 3, speed 3, slow metabolism 2
a: no special abilities


You were on level 4 of the Dungeon.
You were very hungry.

You visited 1 branch of the dungeon, and saw 4 of its levels.

You collected 168 gold pieces.

Inventory:

Hand Weapons
 a - a +2 dagger
 b - a +0 blowgun
 o - a +3 hand axe
 x - a +0 hunting sling (weapon)
Missiles
 e - 7 poisoned needles
 f - 2 curare-tipped needles
 k - 37 stones (quivered)
 l - 15 sling bullets
Armour
 c - a +0 robe (worn)
 d - a +0 cloak (worn)
Jewellery
 h - a ring of protection from fire (left hand)
 y - an uncursed amulet of harm
Wands
 v - a wand of flame (0/48)
Scrolls
 i - 2 scrolls of random uselessness
 j - a scroll of fog {unknown}
 m - 3 scrolls of magic mapping
 p - a scroll of teleportation
 s - a scroll of amnesia
 t - a scroll of immolation {unknown}
Potions
 n - a potion of lignification
 q - a potion of curing
 r - a potion of heal wounds {unknown}
 w - 2 potions of agility {unknown}
 z - a potion of flight {unknown}
Comestibles
 g - 2 bread rations
 u - a slice of pizza


   Skills:
 - Level 1.5(0.7) Fighting
 - Level 2.1(1.3) Short Blades
 - Level 2.0(1.1) Throwing
 + Level 5.2(4.2) Dodging
 - Level 8.6(7.5) Stealth


You had 4 spell levels left.
You didn't know any spells.

Dungeon Overview and Level Annotations

Branches:
Dungeon (4/15)
 Temple: D:4-7

Altars:
Makhleb
Okawaru
Pakellas
Ru
Yredelemnul
Zin

Annotations:
D:3 rogsnak's ghost, amateur DrWz


Innate Abilities, Weirdness & Mutations

You are tiny and cannot use many weapons and most armour.
You have supernaturally acute eyesight.
You are a herbivore.
You cover ground extremely quickly.
You need consume almost no food.


Message History

You destroy the giant frog skeleton!
Your base Dodging skill increases to level 5!
Firing (i - inventory. (,) - cycle):
k - 39 stones (quivered)
Press: ? - help, Shift-Dir - straight line, f - orc warrior
Aim: an orc warrior, wielding a short sword and wearing a plate armour You shoot a stone.
The stone hits the orc warrior but does no damage.
The orc warrior misses you.
Firing (i - inventory. (,) - cycle):
k - 38 stones (quivered)
Press: ? - help, Shift-Dir - straight line, f/p - orc warrior
Aim: an orc warrior, wielding a short sword and wearing a plate armour You shoot a stone.
The stone hits the orc warrior.
The orc warrior is lightly wounded.
The orc warrior hits you with a short sword!
Ouch! That really hurt!
* * * LOW HITPOINT WARNING * * *
You are too injured to fight recklessly!
The orc warrior hits you with a short sword!!
Ouch! That really hurt!
You die...

###### #....#
###....######
..##########............
.......iogoo(#....#####
o.############.%..##
#.....### #....og.##
#.#####o.## #..# ##..#
...## ##(. #..# ##g ##.
######.


You could see an orc warrior, an orc wizard, a gnoll and 2 orcs.

Vanquished Creatures
  A giant frog skeleton (D:4)
  4 gnolls (D:2)
  4 adders
  A worm (D:2)
  3 dart slugs
  3 giant geckos
  6 orcs
  2 giant cockroaches (D:2)
  10 goblins
  11 hobgoblins
  10 kobolds
  3 bats
  3 giant newts (D:2)
  7 rats
  A toadstool (D:1)
69 creatures vanquished.

Vanquished Creatures (others)
  3 toadstools (D:1)
3 creatures vanquished.

Grand Total: 72 creatures vanquished

Notes
Turn   | Place    | Note
--------------------------------------------------------------
     0 | D:1      | Larett the Spriggan Assassin began the quest for the Orb.
     0 | D:1      | Reached XP level 1. HP: 10/10 MP: 2/2
    25 | D:1      | Reached skill level 6 in Stealth
   287 | D:1      | Reached XP level 2. HP: 14/14 MP: 3/3
   431 | D:1      | Reached skill level 7 in Stealth
   850 | D:2      | Reached XP level 3. HP: 8/18 MP: 4/4
   867 | D:2      | HP: 3/18 [poisoned by an adder]
  1168 | D:2      | Found an iron altar of Okawaru.
  1220 | D:2      | Reached skill level 8 in Stealth
  1232 | D:2      | HP: 3/18 [gnoll (3)]
  1627 | D:2      | Reached XP level 4. HP: 8/22 MP: 5/5
  1852 | D:2      | Found a sacrificial altar of Ru.
  2148 | D:2      | Reached skill level 2 in Dodging
  2219 | D:2      | Reached skill level 3 in Dodging
  2593 | D:2      | Found a glowing silver altar of Zin.
  2593 | D:2      | Found a burning altar of Makhleb.
  2594 | D:2      | Noticed a green death
  2594 | D:2      | Noticed an angel
  2950 | D:3      | Found an oddly glowing altar of Pakellas.
  2980 | D:3      | Noticed rogsnak's ghost (amateur DrWz)
  3006 | D:3      | Reached skill level 4 in Dodging
  3258 | D:3      | Reached XP level 5. HP: 24/25 MP: 6/6
  3698 | D:3      | HP: 5/25 [orc/flail (6)]
  3994 | D:3      | Found a basalt altar of Yredelemnul.
  4204 | D:4      | Noticed an orc warrior
  4244 | D:4      | Reached skill level 5 in Dodging
  4247 | D:4      | Mangled by an orc warrior

Skill      XL: |  1  2  3  4  5 |
---------------+----------------+-----
Stealth        | 6 7 8 |  8.6
Dodging        | 4 5 |  5.2
Fighting       | |  1.5
Short Blades   | |  2.1
Throwing       | |  2.0

Action                   |  1- 3 |  4- 6 || total
-------------------------+-------+-------++-------
Melee: Dagger            |    62 |    99 ||   161
       Hand axe          |    40 |     3 ||    43
 Fire: Blowgun           |     7 |    13 ||    20
       Hunting sling     |       |    24 ||    24
  Use: Scroll            |       |     7 ||     7
       Potion            |       |     1 ||     1
 Stab: Sleeping          |    15 |     9 ||    24
Armor: Robe              |     5 |     9 ||    14
Dodge: Dodged            |    71 |    75 ||   146
